 Dungeon Crawl Stone Soup version 0.25.0-11-g1f837a76a1 (webtiles) character file.

Game seed: 80207297661632070

63 Apogee the Cudgeler (level 3, 0/29 HPs)
             Began as a Mummy Fighter on June 25, 2020.
             Killed by divine providence
             ... invoked by an orc priest
              (7 damage)
             ... on level 2 of the Dungeon.
             The game lasted 00:03:15 (1994 turns).

Apogee the Cudgeler (Mummy Fighter)                 Turns: 1994, Time: 00:03:15

Health: 0/29       AC:  7    Str: 20    XL:     3   Next: 87%
Magic:  3/3        EV:  9    Int:  7    God:
Gold:   41         SH:  0    Dex: 11    Spells: 2/2 levels left

rFire    x . .     SeeInvis .   i - +0 whip
rCold    + . .     Gourm    .   (no shield)
rNeg     + + +     Faith    .   b - +1 scale mail
rPois    ∞         Spirit   .   (no helmet)
rElec    .         Reflect  .   (no cloak)
rCorr    .         Harm     .   (no gloves)
MR       .....                  (no boots)
Stlth    ..........             (no amulet)
HPRegen  0.09/turn              (no ring)
MPRegen  0.08/turn              (no ring)

@: no status effects
A: no food or potions, fire vulnerability, cold resistance 1, negative energy
resistance 3, torment resistance, unbreathing
a: no special abilities


You were on level 2 of the Dungeon.
You were not hungry.

You visited 1 branch of the dungeon, and saw 2 of its levels.

You collected 41 gold pieces.

Inventory:

Hand Weapons
 a - a +0 flail
 i - a +0 whip (weapon)
Missiles
 j - 44 stones (quivered)
Armour
 b - a +1 scale mail (worn)
 c - a +0 kite shield
 f - a +2 kite shield
Scrolls
 e - a scroll of amnesia {unknown}
 g - 2 scrolls of remove curse {unknown}
 h - a scroll of teleportation {unknown}
 k - a scroll of enchant weapon {unknown}
 l - a scroll of blinking {unknown}


   Skills:
 - Level 3.0 Fighting
 + Level 3.5 Maces & Flails
 - Level 2.4 Armour
 - Level 2.4 Shields


You had 2 spell levels left.
You didn't know any spells.
Your spell library was empty.

Dungeon Overview and Level Annotations

Branches:
Dungeon (2/15)

Altars:


Innate Abilities, Weirdness & Mutations

You do not eat or drink.
Your flesh is vulnerable to fire.
You are immune to poison.
Your flesh is cold resistant. (rC+)
You are immune to negative energy. (rN+++)
You are immune to unholy pain and torment.
You can survive without breathing.


Message History

You aren't carrying any items that you can evoke.
As you read the scroll labeled FIAVVOI ZUOFIL, it crumbles to dust.
It is a scroll of enchant armour.
Your +0 scale mail glows green for a moment.
The orc hits you but does no damage.
You hit the orc.
The orc is moderately wounded.
The orc hits you but does no damage.
You hit the orc but do no damage.
The orc is moderately wounded.
The orc hits you but does no damage.
You hit the orc but do no damage.
The orc is moderately wounded.
The orc completely misses you.
You hit the orc.
The orc is severely wounded.
The orc closely misses you.
The orc priest calls down the wrath of Beogh upon you.
Beogh smites you!
You die...

#.#.#####..........#
##.≈≈.#≈≈≈.#
.............###.#.#
#.≈≈###≈#### #............#
#.#.###.#####≈## #...........†#
#.#............###
#............#
#.########........
#............# #.# #.###÷###
#..†.........# #.# #.#<#.#
#............# #.# #.#.#.#
#...........%# #@# #.#...#
##...........###o########.#####
###>......).....o......##.#
≈≈#...........>.!......##.#
≈≈#..†.................##.#
≈≈'..#######<.............#
≈≈#..# #...........#### ≈≈#†.#
############# ###o.#


You could see an orc priest and an orc.

Vanquished Creatures
  3 adders (D:2)
  An orc (D:2)
  7 bats
  4 goblins
  2 hobgoblins (D:1)
  10 jackals
  A ball python (D:2)
  3 frilled lizards
  A kobold (D:2)
  2 rats (D:2)
34 creatures vanquished.

Notes
Turn   | Place    | Note
-------+----------+-------------------------------------------
     0 | D:1      | Apogee the Mummy Fighter began the quest for the Orb.
     0 | D:1      | Reached XP level 1. HP: 18/18 MP: 1/1
   334 | D:1      | Reached XP level 2. HP: 20/24 MP: 2/2
  1573 | D:2      | Reached XP level 3. HP: 22/29 MP: 3/3
  1994 | D:2      | Killed from afar by an orc priest

Illustrated notes

Levels and vault maps discovered:
D:1:      giann_wishing_wells, layout_loops_corners, serial_rivers,
          chequers_serial_rivers_large_a, chequers_serial_rivers_micro_e,
          chequers_serial_rivers_micro_a, chequers_serial_rivers_micro_b,
          chequers_serial_rivers_micro_a
D:2:      layout_basic, serial_rivers, chequers_serial_rivers_micro_b,
          chequers_serial_rivers_micro_b, chequers_serial_rivers_small_b,
          chequers_serial_rivers_room_b, chequers_serial_rivers_micro_a

Skill      XL: |  1  2  3 |
---------------+----------+-----
Maces & Flails | 2 3 |  3.5
Fighting       | |  3.0
Armour         | |  2.4
Shields        | |  2.4

Action                   || total
-------------------------++-------
Melee: Flail             ||    81
       Whip              ||    95
  Use: Scroll            ||     1
Armor: Scale mail        ||   106
Dodge: Dodged            ||   112
